 Dungeon Crawl Stone Soup version 0.30-a0-830-gfe289a77b0 (webtiles) character file.

Game seed: 1649319678190180606

58 sircluck the Chopper (level 4, -2/38 HPs)
             Began as a Gnoll Reaver on Feb 27, 2023.
             Slain by a shadow imp (4 damage)
             ... summoned by Natasha
             ... on level 3 of the Dungeon on Feb 28, 2023.
             The game lasted 00:05:32 (1992 turns).

sircluck the Chopper (Gnoll Reaver)                 Turns: 1992, Time: 00:05:33

Health: -2/38      AC:  3    Str: 14    XL:     4   Next: 2%
Magic:  11/11      EV: 12    Int: 12    God:
Gold:   105        SH:  0    Dex: 10    Spells: 12/13 levels left

rFire   . . .      SeeInvis .    a - +0 hand axe
rCold   . . .      Faith    .    (no shield)
rNeg    . . .      Spirit   .    b - +0 leather armour
rPois   .          Reflect  .    (no helmet)
rElec   .          Harm     .    (no cloak)
rCorr   .          Rampage  .    (no gloves)
Will    .....                    (no boots)
Stlth   +                        (no amulet)
HPRegen 0.26/turn                (no ring)
MPRegen 0.12/turn                (no ring)

@: confused, ambrosia-drunk, flying
A: fangs 1, strong nose, distributed training
a: no special abilities


You were on level 3 of the Dungeon.
You visited 1 branch of the dungeon, and saw 3 of its levels.

You collected 105 gold pieces.

Inventory:

Hand Weapons
 a - a +0 hand axe (weapon)
 c - a +0 rapier
Missiles
 h - 6 poisoned darts
 k - 35 stones
 o - 3 boomerangs
Armour
 b - a +0 leather armour (worn)
Wands
 m - a wand of roots (11)
Scrolls
 g - a scroll of brand weapon {unknown}
 i - a scroll of amnesia {unknown}
 n - 2 scrolls of immolation {unknown}
 p - a scroll of identify {unknown}
 r - a scroll of blinking {unknown}
 t - a scroll of teleportation {unknown}
Potions
 e - a potion of brilliance {unknown}
 f - a potion of might {unknown}
 j - a potion of attraction {unknown}
 l - a potion of haste {unknown}
 q - a potion of ambrosia
 s - a potion of lignification {unknown}


   Skills:
 + Level 4.6 Fighting
 + Level 1.0 Short Blades
 + Level 1.0 Long Blades
 + Level 6.6 Axes
 + Level 1.0 Maces & Flails
 + Level 1.0 Polearms
 + Level 1.0 Staves
 + Level 1.0 Ranged Weapons
 + Level 1.0 Throwing
 + Level 1.0 Armour
 + Level 4.6 Dodging
 + Level 1.0 Stealth
 + Level 1.0 Shields
 + Level 1.0 Unarmed Combat
 + Level 5.0 Spellcasting
 + Level 5.4 Conjurations
 + Level 0.8 Hexes
 + Level 0.8 Summonings
 + Level 0.8 Necromancy
 + Level 0.8 Translocations
 + Level 0.8 Transmutations
 + Level 0.8 Fire Magic
 + Level 0.8 Ice Magic
 + Level 0.8 Air Magic
 + Level 0.8 Earth Magic
 + Level 0.8 Poison Magic
 + Level 1.1 Invocations
 + Level 1.0 Evocations


You had 12 spell levels left.
You knew the following spells:

 Your Spells              Type           Power      Damage    Failure   Level
a - Kiss of Death         Conj/Necr      40%        2d8       7%          1

Your spell library contained the following spells:

 Spells                   Type           Power      Damage    Failure   Level
 Momentum Strike          Conj/Tloc      20%        3d8       11%         2
 Hailstorm                Conj/Ice       10%        3d5       21%         3
 Confusing Touch          Hex            5%         N/A       45%         3
 Gell's Gravitas          Tloc           5%         N/A       45%         3
 Teleport Other           Tloc           5%         N/A       45%         3
 Dispel Undead            Necr           5%         3d7       86%         4
 Dispersal                Tloc           2%         N/A       100%        6


Dungeon Overview and Level Annotations

Branches:
Dungeon (3/15)

Altars:
Qazlal

Annotations:
D:3 Ijyb, Natasha, Robin


Innate Abilities, Weirdness & Mutations

You have very sharp teeth.
Your uncanny sense of smell can sniff out nearby items.
Your experience applies equally to all skills.


Message History

You hit Natasha but do no damage.
Natasha howls an incantation.
Natasha shimmers violently.
Natasha closely misses you.
You hit Natasha but do no damage. Your bite misses Natasha.
Natasha completely misses you.
You slash Natasha!
Natasha is severely wounded.
Natasha claws you.
* * * LOW HITPOINT WARNING * * *
You closely miss Natasha.
Natasha is severely wounded.
Natasha closely misses you.
You completely miss Natasha.
Natasha is severely wounded.
You closely miss Ijyb. Natasha claws you.
* * * LOW HITPOINT WARNING * * *
Ijyb closely misses you.
It was a potion of ambrosia.
You are confused.
You feel invigorated.
Natasha casts a spell.
Ijyb closely misses you.
It was a potion of flight.
You feel very buoyant.
You fly up into the air.
Natasha closely misses you. Ijyb barely misses you. The shadow imp hits you.
* * * LOW HITPOINT WARNING * * *
You bump into the rock wall.
Natasha misses you. The goblin hits you with a +0 dagger.
Ijyb hits you with a +0 dagger.
* * * LOW HITPOINT WARNING * * *
The shadow imp hits you.
* * * LOW HITPOINT WARNING * * *
You barely miss Ijyb. You barely miss the goblin. You miss Natasha.
You miss the shadow imp. Natasha claws you!
* * * LOW HITPOINT WARNING * * *
The goblin hits you with a +0 dagger.
* * * LOW HITPOINT WARNING * * *
Ijyb misses you. The shadow imp hits you.
You die...

#................#
#...............##
#....####†..###.#
###### #.#.# #.#
#...# #.. ## ###.#
### .. #.## #####
#..# #.5@#### ##.###
#.gghw.####...######
###gg...............
#####..##.#g..gg#.
##.##....##...
#....r..h...#
##...≈≈≈≈≈...
#.?≈≈≈≈≈≈##..
#..≈≈≈#####.##


You could see Ijyb, a worm, Natasha, a shadow imp (summoned), 2 hobgoblins and a
goblin.

Vanquished Creatures
  An adder (D:2)
  A worm (D:3)
  3 endoplasms
  2 giant cockroaches
  7 goblins
  4 hobgoblins
  5 jackals (D:1)
  3 quokkas
  2 ball pythons (D:2)
  2 bats
  A frilled lizard (D:1)
  8 kobolds
  3 rats
42 creatures vanquished.

Notes
Turn   | Place    | Note
-------+----------+-------------------------------------------
     0 | D:1      | sircluck the Gnoll Reaver began the quest for the Orb.
     0 | D:1      | Reached XP level 1. HP: 20/20 MP: 6/6
   207 | D:1      | Reached XP level 2. HP: 24/26 MP: 7/7
   350 | D:1      | Found a faded altar of an unknown god.
   486 | D:1      | Reached skill level 5 in Spellcasting
   486 | D:1      | Reached XP level 3. HP: 23/31 MP: 7/9
  1216 | D:2      | Upgraded the game from 0.30-a0-824-g6c64550be9 to
                  | 0.30-a0-830-gfe289a77b0
  1464 | D:2      | Reached skill level 1 in Invocations
  1597 | D:2      | Reached skill level 1 in Short Blades
  1597 | D:2      | Reached skill level 1 in Long Blades
  1597 | D:2      | Reached skill level 1 in Maces & Flails
  1597 | D:2      | Reached skill level 1 in Polearms
  1597 | D:2      | Reached skill level 1 in Staves
  1597 | D:2      | Reached skill level 1 in Ranged Weapons
  1597 | D:2      | Reached skill level 1 in Throwing
  1597 | D:2      | Reached skill level 1 in Armour
  1597 | D:2      | Reached skill level 1 in Stealth
  1597 | D:2      | Reached skill level 1 in Shields
  1597 | D:2      | Reached skill level 1 in Unarmed Combat
  1597 | D:2      | Reached skill level 1 in Evocations
  1821 | D:3      | Found a stormy altar of Qazlal.
  1943 | D:3      | Noticed Ijyb
  1944 | D:3      | Noticed Robin
  1950 | D:3      | Noticed Natasha
  1951 | D:3      | Reached XP level 4. HP: 20/38 MP: 11/11
  1992 | D:3      | Slain by a shadow imp

Illustrated notes

Levels and vault maps discovered:
D:1:      dpeg_arrival_brainrot, layout_basic, ebering_ecumenical_altar_hall,
          nicolae_concentric_dashed_squares_mild, minmay_crystal_room,
          nicolae_titane
D:2:      layout_loops_ring, st_stairs_13
D:3:      layout_rooms, nicolae_qazlal_scattered_showers, grunt_decor_junction,
          uniq_natasha, uniq_ijyb, uniq_robin

Skill      XL: |  1  2  3 |
---------------+----------+-----
Spellcasting   | 5 |  5.0
Invocations    | 1 |  1.1
Short Blades   | 1 |  1.0
Long Blades    | 1 |  1.0
Maces & Flails | 1 |  1.0
Polearms       | 1 |  1.0
Staves         | 1 |  1.0
Ranged Weapons | 1 |  1.0
Throwing       | 1 |  1.0
Armour         | 1 |  1.0
Stealth        | 1 |  1.0
Shields        | 1 |  1.0
Unarmed Combat | 1 |  1.0
Evocations     | 1 |  1.0
Fighting       | |  4.6
Axes           | |  6.6
Dodging        | |  4.6
Conjurations   | |  5.4
Hexes          | |  0.8
Summonings     | |  0.8
Necromancy     | |  0.8
Translocations | |  0.8
Transmutations | |  0.8
Fire Magic     | |  0.8
Ice Magic      | |  0.8
Air Magic      | |  0.8
Earth Magic    | |  0.8
Poison Magic   | |  0.8

Action                     |  1- 3 |  4- 6 || total
---------------------------+-------+-------++-------
  Melee: Hand axe          |   123 |     8 ||   131
         Bite              |     5 |       ||     5
  Evoke: Wand              |       |     1 ||     1
    Use: Potion            |       |     2 ||     2
 Armour: Leather armour    |    25 |       ||    25
  Dodge: Dodged            |    78 |    10 ||    88

Table legend: (Time is in decaauts)
 A = Elapsed time spent in this place.
 B = Non-inter-level travel time spent in this place.
 C = Inter-level travel time spent in this place.
 D = Time resting spent in this place.
 E = Time spent auto-exploring this place.
 F = Levels seen in this place.
 G = Mean time per level.
                   A        B        C        D        E       F      G
               +--------+--------+--------+--------+--------+-----+--------+
         Total |   1988 |   1844 |    144 |      0 |   1483 |   3 |  662.7 |
       Dungeon |   1988 |   1844 |    144 |      0 |   1483 |   3 |  662.7 |
               +--------+--------+--------+--------+--------+-----+--------+

Top non-repeatable levels by time:
     D:1: 1148 daAuts
     D:2: 667 daAuts
     D:3: 173 daAuts
